 Dungeon Crawl Stone Soup version 0.21.0 (webtiles) character file.

88311 Jynx the Black Belt (level 15, -5/133 HPs)
             Began as a Purple Draconian Transmuter on Jan 8, 2018.
             Was a High Priest of Okawaru.
             Drowned by a drowned soul (15 damage)
             ... summoned by a merfolk avatar
             ... on level 1 of the Shoals.
             The game lasted 01:05:21 (27157 turns).

Jynx the Black Belt (Purple Draconian Transmuter)  Turns: 27157, Time: 01:05:22

Health: -5/133     AC: 13    Str: 18    XL:     15   Next: 46%
Magic:  28/28      EV: 25    Int: 15    God:    Okawaru [*****.]
Gold:   2270       SH:  0    Dex: 16    Spells: 13/32 levels left

rFire    . . .     SeeInvis +     - Unarmed
rCold    . . .     Gourm    .   (shield currently unavailable)
rNeg     . . .     Faith    .   (armour unavailable)
rPois    .         Spirit   .   (helmet restricted)
rElec    .         Reflect  .   w - +0 cloak
rCorr    .         Harm     .   (gloves currently unavailable)
MR       ++...                  m - +2 pair of boots
Stlth    ++........             q - amulet of magic regeneration
HPRegen  0.32/turn              A - ring of see invisible
MPRegen  0.46/turn              j - +5 ring of strength

@: blade hands (expiring), heroism, mesmerised, very slow
A: breathe power, unfitting armour, cold-blooded, AC +9
a: Breathe Dispelling Energy, End Transformation, Heroism, Finesse, Renounce
Religion


You were on level 1 of the Shoals.
You worshipped Okawaru.
Okawaru was extremely pleased with you.
You were not hungry.
You had blades for hands.
You visited 6 branches of the dungeon, and saw 25 of its levels.
You also visited: Labyrinth and Ice Cave.

You collected 2270 gold pieces.

Inventory:

Missiles
 a - 277 arrows
Armour
 m - a +2 pair of boots (worn)
 w - a +0 cloak (worn)
 J - the +2 pair of gloves of Impermeability (melded) {rPois rN+ Dex+7 Stlth-}
   (Okawaru gifted it to you in an ice cave)

   It affects your dexterity (+7).
   It protects you from poison.
   It protects you from negative energy.
   It makes you less stealthy.
Jewellery
 d - an uncursed ring of poison resistance
 h - an uncursed ring of ice
 j - a +5 ring of strength (right scythe-like blade)
 q - an amulet of magic regeneration (around neck)
 A - a ring of see invisible (left scythe-like blade)
 N - the ring "Xihi" {Fire MR+}
   (You found it in a labyrinth)

   [ring of fire]

   It enhances your fire magic.
   It protects you from fire.
   It makes you vulnerable to cold.
   It affects your resistance to hostile enchantments.
Wands
 y - a wand of digging (12)
 F - a wand of enslavement (27)
 H - a wand of iceblast (10)
 I - a wand of acid (31)
Scrolls
 b - a scroll of identify
 e - 3 scrolls of fear
 f - 3 scrolls of fog
 k - 5 scrolls of remove curse
 s - 2 scrolls of enchant weapon
 z - 3 scrolls of teleportation
 B - a scroll of amnesia
 E - a scroll of magic mapping
 L - a scroll of enchant armour
 O - 3 scrolls of blinking
Potions
 g - a potion of mutation
 i - 4 potions of lignification
 l - 4 potions of brilliance
 n - a potion of ambrosia
 o - 2 potions of cancellation
 p - a potion of magic
 r - 6 potions of curing
 t - 2 potions of berserk rage
 u - 4 potions of resistance
 v - a potion of invisibility
 D - 3 potions of flight
 G - 3 potions of agility
 K - 6 potions of might
Books
 x - a book of Battle

   Spells                             Type                      Level
   a - Infusion                       Charms                       1
   b - Shroud of Golubria             Charms/Translocation         2
   c - Song of Slaying                Charms                       2
   d - Spectral Weapon                Hexes/Charms                 3
   e - Regeneration                   Charms/Necromancy            3
Comestibles
 c - 25 rations


   Skills:
 + Level 12.3(17.3) Fighting
 + Level 11.4(16.4) Dodging
 + Level 3.9(8.9) Stealth
 * Level 15.6(20.6) Unarmed Combat
 - Level 9.0 Spellcasting
 - Level 4.3 Charms
 - Level 9.4 Transmutations
 - Level 4.5 Ice Magic
 - Level 9.0 Invocations


You had 13 spell levels left.
You knew the following spells:

 Your Spells              Type           Power        Failure   Level  Hunger
a - Beastly Appendage     Tmut           #####.       9%          1    None
b - Sticks to Snakes      Tmut           #####...     10%         2    None
c - Spider Form           Tmut/Pois      ###.......   32%         3    #......
d - Blade Hands           Tmut           #####.....   36%         5    #####..
e - Ice Form              Ice/Tmut       ####....     36%         4    ###....
f - Swiftness             Chrm/Air       ##......     38%         2    None
g - Passwall              Tmut/Erth      ###.......   22%         2    None


Dungeon Overview and Level Annotations

Branches:
Dungeon (14/15)            Temple (1/1) D:4            Lair (6/6) D:8
 Shoals (1/4) Lair:4        Snake (1/4) Lair:2        Slime (0/5) Lair:6
    Orc (2/2) D:11            Elf (0/3) Orc:2        Vaults (0/5) D:13

Altars:
Ashenzari
Cheibriados
Dithmenos
Elyvilon
Fedhas
Hepliaklqana
Nemelex Xobeh
Okawaru
Ru
Trog
Vehumet
Wu Jian
Xom
Yredelemnul
Zin
The Shining One

Shops:
D:7 =   D:14 :   Orc:2 (*(}=

Annotations:
Lair:4 exclusion: oklob plant
Lair:5 exclusion: oklob plant


Innate Abilities, Weirdness & Mutations

You can breathe bolts of dispelling energy.
Your rich purple scales are hard. (AC +9)
You cannot fit into any form of body armour.
You are cold-blooded and may be slowed by cold attacks.


Message History

* * * LOW HITPOINT WARNING * * *
Okay, then.
You feel much better.
The merfolk avatar chants its luring song.
Okay, then.
Blink to where?
Press: ? - help, Dir - move target cursor You cannot blink away from the merfolk avatar!
Blink to where?
Press: ? - help, Dir - move target cursor You cannot blink away from the merfolk avatar!
Blink to where?
Press: ? - help, Dir - move target cursor, f - you
Okay, then.
Unknown command.
Your unstable footing causes you to fumble your attack.
The drowned soul touches you. The drowned soul drowns you!
* * * LOW HITPOINT WARNING * * *
The drowned soul touches you. The drowned soul drowns you!
You die...

≈≈≈ PP≈.≈≈. ≈≈≈
≈≈≈...≈.. ≈≈≈≈
..≈.....## ≈≈≈≈.
#..P≈..≈...
≈≈≈≈.###..≈≈.≈..≈≈.
.≈≈≈≈≈≈≈≈P≈≈≈......
..≈≈≈≈≈≈≈≈≈≈≈≈PP...
..≈≈≈≈m@......PP...
#.≈≈≈≈≈........P...
#.≈≈≈≈≈≈...........
..≈≈≈≈≈W...........
..≈≈≈....≈......≈..
..≈≈≈..............
...≈...≈†≈.........
≈≈.........###..#..
...........## ### .


You could see a merfolk avatar and a drowned soul.

Vanquished Creatures
  Rupert (Orc:2)
  Gastronok (Lair:2)
  2 entropy weavers (Lair:6)
  A minotaur (Lab)
  Josephine (Lair:6)
  A centaur warrior (D:14)
  A hydra (D:11)
  Fannar (D:12)
  Harold (D:11)
  2 catoblepae
  3 vault guards (D:13)
  A death yak (D:14)
  A tengu warrior (D:13)
  A queen ant (Lair:6)
  9 two-headed ogres
  3 orc high priests (Orc:2)
  Sonja (D:11)
  Nergalle (D:12)
  9 slime creatures
  5 unseen horrors
  2 wizards (D:13)
  5 orc sorcerers
  5 harpies (Shoals:1)
  3 cyclopes
  6 orc knights
  2 ugly things
  A manticore (D:12)
  Joseph (D:10)
  7 black mambas
  A naga mage (Snake:1)
  An eye of devastation (Lair:6)
  3 merfolk sirens (Lair:4)
  A centaur zombie (D:10)
  An ice statue (IceCv)
  3 gargoyles
  10 spiny frogs
  3 rime drakes
  The ghost of BrokenGlass the Insei, a novice OpFi (D:5)
  2 kobold demonologists (D:13)
  4 komodo dragons
  A queen bee (D:13)
  4 trolls
  3 meliai (D:13)
  20 polar bears
  A blink frog (Lair:3)
  Grinder (D:9)
  6 hornets
  A harpy skeleton (D:13)
  A blink frog (shapeshifter) (D:14)
  2 dream sheep (Lair:6)
  4 hippogriffs
  A centaur simulacrum (D:14)
  14 spriggans (Lair:6)
  2 shadows (D:11)
  3 wraiths (Lair:6)
  2 wyverns
  25 yaks
  21 humans
  A human (shapeshifter) (D:14)
  A basilisk (Lair:1)
  A hungry ghost (D:7)
  5 vampire mosquitoes (D:14)
  Menkaure (D:5)
  5 nagas
  2 wargs
  6 soldier ants
  An acid dragon (D:14)
  9 water moccasins
  9 porcupines
  2 sky beasts
  4 phantoms
  3 eyes of draining
  4 ice beasts
  4 black bears
  10 ogres
  5 necrophages (D:9)
  24 orc warriors
  3 boggarts (Lair:6)
  32 wolves
  7 centaurs
  6 crocodiles
  4 big kobolds
  19 bullfrogs
  A wyvern zombie (D:12)
  6 scorpions
  A hornet simulacrum (D:14)
  11 killer bees (D:13)
  3 wights (D:9)
  2 electric eels
  4 crimson imps
  3 quasits
  2 jellies
  3 hounds
  5 centaur skeletons
  18 orc priests
  2 bullfrog skeletons
  29 orc wizards
  5 iguanas
  19 worker ants
  2 hell rats (Lair:4)
  3 hound zombies
  A mummy (D:9)
  A hound skeleton (D:9)
  A howler monkey skeleton (D:7)
  A worker ant zombie (D:11)
  10 adders
  5 gnolls
  8 river rats (Lair:4)
  4 shadow imps
  12 white imps (Lair:5)
  An ooze (D:7)
  An adder skeleton (D:4)
  6 leopard geckos
  71 orcs
  10 bats
  2 giant cockroaches (D:2)
  9 goblins
  6 hobgoblins
  14 jackals
  4 quokkas
  A ball python (D:2)
  A ball python skeleton (D:4)
  6 frilled lizards
  25 kobolds
  6 rats
  7 plants (D:13)
720 creatures vanquished.

Vanquished Creatures (collateral kills)
  A hound (D:4)
  A jelly (D:7)
  Terence (D:3)
  2 gnolls
  2 adders
  An orc (D:4)
  A jackal (D:8)
  A leopard gecko skeleton (D:5)
  A rat (D:2)
11 creatures vanquished.

Vanquished Creatures (others)
  10 fungi
  11 plants
21 creatures vanquished.

Grand Total: 752 creatures vanquished

Notes
Turn   | Place    | Note
-------+----------+-------------------------------------------
     0 | D:1      | Jynx the Draconian Transmuter began the quest for the Orb.
     0 | D:1      | Reached XP level 1. HP: 16/16 MP: 3/3
   410 | D:1      | Reached XP level 2. HP: 17/23 MP: 3/5
   660 | D:1      | Learned a level 2 spell: Sticks to Snakes
  1099 | D:2      | Reached XP level 3. HP: 24/28 MP: 0/6
  1193 | D:2      | Found a sacrificial altar of Ru.
  1193 | D:2      | Found a snail-covered altar of Cheibriados.
  1491 | D:2      | Found a basalt altar of Yredelemnul.
  1494 | D:2      | Found a shattered altar of Ashenzari.
  1517 | D:2      | Found a glowing golden altar of the Shining One.
  1689 | D:3      | Noticed Terence
  1717 | D:3      | Killed Terence
  1717 | D:3      | Reached XP level 4. HP: 23/35 MP: 1/8
  2017 | D:3      | HP: 1/35 [gnoll/spear (5)]
  2355 | D:3      | You fall through a shaft for 3 floors!
  2399 | D:5      | Entered Level 5 of the Dungeon
  2426 | D:5      | Reached XP level 5. HP: 37/40 MP: 4/9
  2468 | D:5      | Learned a level 3 spell: Spider Form
  2632 | D:4      | Noticed an ogre
  2640 | D:4      | Killed an ogre
  2640 | D:4      | Reached skill level 5 in Transmutations
  2640 | D:4      | Reached XP level 6. HP: 20/47 MP: 7/11
  3538 | D:4      | Learned a level 5 spell: Blade Hands
  3676 | D:4      | Found a staircase to the Ecumenical Temple.
  3683 | Temple   | Entered the Ecumenical Temple
  3741 | Temple   | Became a worshipper of Warmaster Okawaru
  4085 | D:4      | Your scales start taking on a rich purple colour.
  4085 | D:4      | Reached skill level 5 in Spellcasting
  4085 | D:4      | Reached XP level 7. HP: 31/52 MP: 7/14
  4273 | D:4      | Learned a level 4 spell: Ice Form
  4505 | D:5      | Noticed Menkaure
  4505 | D:5      | Noticed BrokenGlass's ghost (novice OpFi)
  4847 | D:5      | Killed BrokenGlass's ghost
  4847 | D:5      | Reached skill level 1 in Ice Magic
  4958 | D:5      | Killed Menkaure
  4958 | D:5      | Reached * piety under Okawaru
  5014 | D:5      | Reached XP level 8. HP: 58/59 MP: 16/16
  5872 | D:7      | Found Honuss's Jewellery Boutique.
  5932 | D:7      | Reached ** piety under Okawaru
  6495 | D:7      | Reached XP level 9. HP: 49/64 MP: 11/19
  7291 | D:8      | Found a sparkling altar of Nemelex Xobeh.
  7615 | D:8      | Noticed a two-headed ogre
  7618 | D:8      | Noticed a two-headed ogre
  7680 | D:7      | Reached *** piety under Okawaru
  8126 | D:8      | Learned a level 2 spell: Swiftness
  8146 | D:8      | Killed a two-headed ogre
  8146 | D:8      | Reached **** piety under Okawaru
  8146 | D:8      | Reached skill level 4 in Unarmed Combat
  8170 | D:8      | Killed a two-headed ogre
  8170 | D:8      | Received a gift from Okawaru
  8170 | D:8      | Reached skill level 5 in Dodging
  8170 | D:8      | Reached XP level 10. HP: 65/75 MP: 18/22
  8330 | D:8      | Found a staircase to the Lair.
  8466 | D:9      | Reached skill level 5 in Unarmed Combat
  8474 | D:9      | Noticed a two-headed ogre
  8487 | D:9      | Killed a two-headed ogre
  8487 | D:9      | Reached ***** piety under Okawaru
  8913 | D:9      | Reached skill level 6 in Unarmed Combat
  8944 | D:9      | Noticed Grinder
  9021 | D:9      | Killed Grinder
  9598 | D:9      | Noticed a two-headed ogre
  9605 | D:9      | Killed a two-headed ogre
  9605 | D:9      | Reached skill level 1 in Invocations
  9817 | D:9      | Reached skill level 7 in Unarmed Combat
  9817 | D:9      | Reached XP level 11. HP: 85/85 MP: 18/24
  9880 | Lair:1   | Entered Level 1 of the Lair of Beasts
 10084 | Lair:1   | Reached skill level 5 in Fighting
 10572 | Lair:1   | Received a gift from Okawaru
 10682 | Lair:1   | Reached skill level 8 in Unarmed Combat
 12006 | Lair:2   | Noticed Gastronok
 12018 | Lair:2   | Killed Gastronok
 12018 | Lair:2   | Reached skill level 9 in Unarmed Combat
 12112 | Lair:2   | Found a staircase to the Snake Pit.
 12643 | Lair:3   | Reached skill level 5 in Invocations
 12682 | Lair:3   | Reached XP level 12. HP: 68/97 MP: 21/25
 13197 | Lair:3   | Noticed a catoblepas
 13206 | Lair:3   | Killed a catoblepas
 13206 | Lair:3   | Reached skill level 10 in Unarmed Combat
 13215 | Lair:3   | Received a gift from Okawaru
 14436 | Lair:4   | Found a staircase to the Shoals.
 14609 | Lair:4   | Learned a level 2 spell: Passwall
 14645 | Lair:5   | Found a frozen archway.
 14760 | IceCv    | Entered an ice cave
 15027 | IceCv    | Received a gift from Okawaru
 15029 | IceCv    | Reached skill level 11 in Unarmed Combat
 15032 | IceCv    | Got a pair of translucent gloves {god gift}
 15389 | IceCv    | Noticed a frost giant
 15741 | Lair:5   | Found a blossoming altar of Fedhas.
 15970 | Lair:6   | Entered Level 6 of the Lair of Beasts
 16032 | Lair:6   | Reached XP level 13. HP: 78/108 MP: 20/26
 16174 | Lair:6   | Noticed an entropy weaver
 16185 | Lair:6   | Killed an entropy weaver
 16199 | Lair:6   | Noticed an entropy weaver
 16220 | Lair:6   | Killed an entropy weaver
 16485 | Lair:6   | Found a staircase to the Slime Pits.
 16644 | Lair:6   | Noticed Josephine
 16653 | Lair:6   | Killed Josephine
 16653 | Lair:6   | Reached skill level 12 in Unarmed Combat
 17269 | Lair:6   | Received a gift from Okawaru
 17355 | Lair:6   | HP: 1/112 [spriggan rider/spear (10)]
 18048 | Lair:6   | Identified the +2 pair of gloves of Impermeability {rPois rN+ Dex+7 Stlth-} (Okawaru gifted it to you in an ice cave)
 18381 | D:10     | Entered Level 10 of the Dungeon
 18386 | D:10     | Noticed Joseph
 18395 | D:10     | Killed Joseph
 18924 | D:10     | Found a bloodstained altar of Trog.
 19352 | D:11     | Reached skill level 10 in Fighting
 19398 | D:11     | Reached skill level 13 in Unarmed Combat
 19499 | D:11     | Received a gift from Okawaru
 19624 | D:11     | Noticed Harold
 19624 | D:11     | Noticed Sonja
 19633 | D:11     | Killed Sonja
 19635 | D:11     | Reached XP level 14. HP: 113/121 MP: 16/27
 19641 | D:11     | Killed Harold
 19886 | D:11     | Found a staircase to the Orcish Mines.
 20155 | Orc:1    | Entered Level 1 of the Orcish Mines
 20190 | Orc:1    | Reached skill level 10 in Dodging
 20340 | Orc:2    | Entered Level 2 of the Orcish Mines
 20340 | Orc:2    | Noticed Rupert
 20353 | Orc:2    | Killed Rupert
 20357 | Orc:2    | Found Taaraf's Weapon Shop.
 21292 | Orc:2    | Found a staircase to the Elven Halls.
 21771 | Orc:2    | Reached skill level 14 in Unarmed Combat
 22708 | Orc:2    | Found Tadway's Jewellery Boutique.
 22714 | Orc:2    | Found Mecweob's Antique Weapon Shoppe.
 22718 | Orc:2    | Found Pelelad's Gadget Shoppe.
 22725 | Orc:2    | Found Ymnuats's Assorted Antiques.
 22961 | D:12     | Noticed Fannar
 22962 | D:12     | Noticed Nergalle
 22986 | D:12     | Killed Nergalle
 22994 | D:12     | Killed Fannar
 23075 | D:12     | Found a labyrinth entrance.
 23098 | Lab      | Entered a labyrinth
 23186 | Lab      | Got a transparent marble ring
 23199 | D:12     | Identified the ring "Xihi" {Fire MR+} (You found it in a labyrinth)
 23953 | D:13     | Found a glowing silver altar of Zin.
 24243 | D:13     | Reached skill level 1 in Stealth
 24296 | D:13     | Reached skill level 15 in Unarmed Combat
 24296 | D:13     | Reached XP level 15. HP: 128/132 MP: 28/28
 24324 | D:13     | Found a gate to the Vaults.
 25435 | D:14     | Found Betrut's Book Boutique.
 25443 | D:14     | Found a hazy altar of Hepliaklqana.
 25470 | D:14     | Reached ****** piety under Okawaru
 25503 | D:14     | Received a gift from Okawaru
 26781 | Snake:1  | Entered Level 1 of the Snake Pit
 27095 | Shoals:1 | Entered Level 1 of the Shoals
 27155 | Shoals:1 | HP: 3/133 [drowned by a drowned soul[a merfolk avatar] (14)]
 27157 | Shoals:1 | Drowned by a drowned soul

Skill      XL: |  1  2  3  4  5  6  7  8  9 10 11 12 13 14 15 |
---------------+----------------------------------------------+-----
Transmutations | 3 4 5 6 7 8 9 |  9.4
Spellcasting   | 3 5 6 8 9 |  9.0
Dodging        | 2 3 5 6 7 8 9 11 | 11.4
Ice Magic      | 2 3 4 |  4.5
Fighting       | 2 4 6 8 10 11 12 | 12.3
Unarmed Combat | 4 7 9 11 13 15 | 15.6
Charms         | 2 4 |  4.3
Invocations    | 1 5 7 9 |  9.0
Stealth        | 1 3 |  3.9

Action                   |  1- 3 |  4- 6 |  7- 9 | 10-12 | 13-15 || total
-------------------------+-------+-------+-------+-------+-------++-------
Melee: Unarmed           |   117 |   167 |   269 |   471 |   911 ||  1935
       Kick              |    13 |     1 |       |       |       ||    14
       Tailslap          |    14 |    17 |    28 |    71 |   103 ||   233
       Headbutt          |     8 |    16 |    17 |     3 |     5 ||    49
       Punch             |       |       |     4 |    28 |    59 ||    91
 Cast: Beastly Appendage |    28 |    18 |     8 |     2 |     2 ||    58
       Sticks to Snakes  |     5 |    15 |     8 |       |     2 ||    30
       Spider Form       |       |     2 |       |       |       ||     2
       Blade Hands       |       |     1 |    33 |    66 |    96 ||   196
       Ice Form          |       |       |       |       |     1 ||     1
Invok: Heroism           |       |       |       |    30 |    43 ||    73
       Finesse           |       |       |       |     2 |     9 ||    11
 Abil: Breathe Dispellin |       |       |       |       |     1 ||     1
  Use: Scroll            |     9 |     2 |     8 |    11 |    13 ||    43
       Potion            |       |       |       |       |     8 ||     8
 Stab: Distracted        |     1 |       |       |       |     1 ||     2
       Sleeping          |       |     2 |     2 |     2 |     6 ||    12
       Invisible         |       |       |       |       |     3 ||     3
  Eat: Chunk             |     3 |     4 |    23 |    39 |    56 ||   125
       Ration            |       |     1 |     4 |     2 |     2 ||     9
Armor: Skin              |    46 |    74 |   104 |    96 |   129 ||   449
Dodge: Dodged            |   115 |   110 |   205 |   404 |   657 ||  1491
